 Dungeon Crawl Stone Soup version 0.29-a0-330-g52719c12eb (webtiles) character file.

Game seed: 4435158343844252859

197 kae the Firebug (level 5, 0/34 HPs)
             Began as an Octopode Fire Elementalist on Apr 15, 2022.
             Slain by an iguana (3 damage)
             ... on level 4 of the Dungeon.
             The game lasted 00:01:44 (4322 turns).

kae the Firebug (Octopode Fire Elementalist)        Turns: 4322, Time: 00:01:45

Health: 0/34       AC:  1    Str:  8    XL:     5   Next: 75%
Magic:  2/8        EV: 13    Int: 19    God:
Gold:   160        SH:  0    Dex: 12    Spells: 3/9 levels left

rFire   . . .      SeeInvis .   e - staff of earth
rCold   . . .      Faith    .   (no shield)
rNeg    . . .      Spirit   .   (helmet restricted)
rPois   .          Reflect  .   (no amulet)
rElec   .          Harm     .   (no ring)
rCorr   .          Rampage  .   (no ring)
Will    .....                   (no ring)
Stlth   +++.......              (no ring)
HPRegen 0.11/turn               (no ring)
MPRegen 0.11/turn               (no ring)
                                (no ring)
                                (no ring)

@: no status effects
A: almost no armour, amphibious, 8 rings, camouflage 1, gelatinous body 1,
(nimble swimmer 1), tentacles
a: no special abilities


You were on level 4 of the Dungeon.
You visited 1 branch of the dungeon, and saw 4 of its levels.

You collected 160 gold pieces.

Inventory:

Magical Staves
 e - a staff of earth (weapon)
Jewellery
 d - a +6 ring of dexterity
 h - an amulet of guardian spirit
Scrolls
 f - 2 scrolls of identify {unknown}
 g - a scroll of teleportation {unknown}
 i - a scroll of enchant armour {unknown}
 j - a scroll of blinking {unknown}
Potions
 a - 2 potions of magic
 b - a potion of might
 c - 2 potions of flight {unknown}


   Skills:
 + Level 1.9 Fighting
 + Level 2.8 Dodging
 + Level 3.7 Stealth
 + Level 2.6 Spellcasting
 + Level 2.1 Conjurations
 * Level 4.1 Fire Magic


You had 3 spell levels left.
You knew the following spells:

 Your Spells              Type           Power      Damage    Failure   Level
a - Foxfire               Conj/Fire      56%        2x1d6     4%          1
b - Scorch                Fire           36%        2d6       4%          2
c - Conjure Flame         Conj/Fire      14%        6-21      13%         3

Your spell library contained the following spells:

 Spells                   Type           Power      Damage    Failure   Level
 Magic Dart               Conj           40%        1d5       7%          1
 Searing Ray              Conj           20%        2d5       10%         2
 Animate Skeleton         Necr           4%         N/A       16%         1
 Apportation              Tloc           4%         N/A       16%         1
 Pain                     Necr           8%         1d4       16%         1
 Inner Flame              Hex/Fire       10%        N/A       21%         3
 Call Canine Familiar     Summ           2%         N/A       43%         3
 Gell's Gravitas          Tloc           2%         N/A       43%         3
 Lesser Beckoning         Tloc           2%         N/A       43%         3
 Portal Projectile        Hex/Tloc       4%         N/A       43%         3
 Teleport Other           Tloc           2%         N/A       43%         3
 Vampiric Draining        Necr           2%         2d6       43%         3
 Flame Wave               Conj/Fire      14%        2d6       41%         4
 Fulminant Prism          Conj/Hex       3%         3d6       71%         4
 Leda's Liquefaction      Hex/Erth       1%         N/A       85%         4
 Alistair's Intoxication  Tmut/Pois      1%         N/A       99%         5


Dungeon Overview and Level Annotations

Branches:
Dungeon (4/15)
 Temple: D:4-7

Altars:


Innate Abilities, Weirdness & Mutations

You cannot wear most types of armour.
You are amphibious.
You can wear up to eight rings at the same time.
Your skin changes colour to match your surroundings (Stealth+).
Your rubbery body absorbs attacks. (AC +1, EV +1)
((You are camouflaged when in or above water. (Stealth+)))
You have tentacles for arms and can constrict up to eight enemies at once.


Message History

Your magical contamination has completely faded away.
A quokka is nearby!
You hit the quokka but do no damage. You squeeze the quokka.
The quokka is almost dead.
You constrict the quokka, but do no damage.
The quokka bites you.
You barely miss the quokka.
You squeeze the quokka, but do no damage.
The quokka is almost dead.
You constrict the quokka.
You kill the quokka!
An iguana comes into view.
Found 15 gold pieces and a book of Cantrips.
The iguana hisses angrily.
An iguana is nearby!
The iguana bites you.
An iguana is nearby!
An iguana is nearby!
An iguana is nearby!
Casting: Foxfire (safe; 4% risk of failure)
Confirm with . or Enter, or press ? or * to list all spells.
Flames lash the iguana.
The iguana is lightly wounded.
The iguana's fire resistance burns away.
The iguana bites you! The iguana bites you.
Casting: Scorch (safe; 4% risk of failure)
Confirm with . or Enter, or press ? or * to list all spells.
Flames lash the iguana.
The iguana is burned terribly!
The iguana is heavily wounded.
You hear a shout!
The iguana bites you!
* * * LOW HITPOINT WARNING * * *
You hear a shout!
The iguana barely misses you.
Casting: Scorch (safe; 4% risk of failure)
Confirm with . or Enter, or press ? or * to list all spells.
Flames lash the iguana but do no damage.
The iguana bites you.
You die...

*,* **⌠*,*8***_*#.... *,*
##8.*,*,*,*,*####. *,*
***#..,,,,,,,,,** ## *,*
**,,.:.,,,,,,,,,_* ###
*,**##*,**#.8,*,*,*,*,,###..
*,,,,..,* #.#,*****,*,*#....
******#.###.#** *****###.#
*#...l# #.# *#####.#@# #.#
*........########## #.#
*.####............# #.# *,*
###.########.# #.# *,*
#.########.#####.#
*******,*****#.................
*,,,,,,,,,,,>...#######.#####..
*,***********#..* #.# ### *,*
#..# #.# #


You could see an iguana (combustible).

Vanquished Creatures
  A jelly (D:3)
  Jessica (D:2)
  4 gnolls (D:2)
  4 adders
  A worm (D:3)
  A dart slug (D:1)
  8 bats
  4 endoplasms
  5 giant cockroaches
  5 goblins
  5 hobgoblins
  3 kobolds
  4 quokkas
  6 ball pythons
  2 frilled lizards
  9 rats
63 creatures vanquished.

Vanquished Creatures (others)
  261 foxfires
261 creatures vanquished.

Grand Total: 324 creatures vanquished

Notes
Turn   | Place    | Note
-------+----------+-------------------------------------------
     0 | D:1      | kae the Octopode Fire Elementalist began the quest for the
                  | Orb.
     0 | D:1      | Reached XP level 1. HP: 11/11 MP: 3/3
   218 | D:1      | Reached XP level 2. HP: 11/17 MP: 1/5
  1334 | D:2      | Reached XP level 3. HP: 22/22 MP: 4/6
  1338 | D:2      | Learned a level 2 spell: Scorch
  1342 | D:2      | Learned a level 3 spell: Conjure Flame
  1455 | D:2      | Reached skill level 1 in Fighting
  1846 | D:2      | Reached XP level 4. HP: 28/28 MP: 3/7
  2789 | D:2      | Noticed Jessica
  2794 | D:2      | Killed Jessica
  2795 | D:2      | Reached XP level 5. HP: 33/33 MP: 4/8
  3410 | D:3      | Reached skill level 4 in Fire Magic
  4322 | D:4      | Slain by an iguana

Illustrated notes

Levels and vault maps discovered:
D:1:      wander_arrival_peaceful_grave, layout_basic, hangedman_decor_points
D:2:      layout_rooms, minmay_stone_trees_small,
          amcnicky_mini_corridor_feature, kennysheep_generic_room_9,
          uniq_jessica
D:3:      layout_loops_ring
D:4:      layout_loops_ring, minitemple, minmay_manual_macuahuitl

Skill      XL: |  1  2  3  4  5 |
---------------+----------------+-----
Stealth        | 3 |  3.7
Fighting       | 1 |  1.9
Conjurations   | 2 |  2.1
Fire Magic     | 4 |  4.1
Dodging        | |  2.8
Spellcasting   | |  2.6

Action                   |  1- 3 |  4- 6 || total
-------------------------+-------+-------++-------
Melee: Unarmed           |     9 |       ||     9
       Constrict         |     5 |     9 ||    14
       Tentacles         |     4 |     7 ||    11
       Punch             |     2 |     1 ||     3
       Staff             |     7 |    37 ||    44
 Cast: Foxfire           |    94 |    66 ||   160
       Scorch            |       |     7 ||     7
  Use: Potion            |       |     1 ||     1
       Scroll            |       |     4 ||     4
 Stab: Sleeping          |       |     2 ||     2
Armor: Skin              |     1 |     4 ||     5
Dodge: Dodged            |    17 |    34 ||    51

Table legend: (Time is in decaauts)
 A = Elapsed time spent in this place.
 B = Non-inter-level travel time spent in this place.
 C = Inter-level travel time spent in this place.
 D = Time resting spent in this place.
 E = Time spent auto-exploring this place.
 F = Levels seen in this place.
 G = Mean time per level.
                   A        B        C        D        E       F      G
               +--------+--------+--------+--------+--------+-----+--------+
         Total |   4329 |   4264 |     65 |     37 |   3672 |   4 | 1082.2 |
       Dungeon |   4329 |   4264 |     65 |     37 |   3672 |   4 | 1082.2 |
               +--------+--------+--------+--------+--------+-----+--------+

Top non-repeatable levels by time:
     D:2: 1690 daAuts
     D:1: 1330 daAuts
     D:3: 919 daAuts
     D:4: 389 daAuts
